 Dungeon Crawl Stone Soup version 0.17.1-2-g5865329 (webtiles) character file.

547 Kostja the Sneak (level 7, -2/35 HPs)
             Began as a Vine Stalker Enchanter on Jan 15, 2016.
             Slain by Menkaure (12 damage)
             ... on level 6 of the Dungeon.
             The game lasted 00:40:03 (4644 turns).

Kostja the Sneak (Vine Stalker Enchanter)           Turns: 4644, Time: 00:40:03

Health: -2/35      AC:  6    Str: 11    XL:     7   Next: 28%
Magic:  0/13       EV: 12    Int: 17    God:
Gold:   285        SH:  0    Dex: 14    Spells: 5 memorised, 0 levels left

rFire  . . .     SeeInvis .     a - +1 dagger
rCold  . . .     Clarity  .     u - +0 leather armour
rNeg   . . .     SustAt   .     (no shield)
rPois  .         Gourm    .     l - +0 helmet
rElec  .         Spirit   +     x - +0 cloak
rCorr  .         Warding  .     m - +0 pair of gloves
rMut   .         Stasis   .     (no boots)
MR     .....                    (no amulet)
Stlth  +++.......               (no ring)
                                (no ring)

@: not resistant to hostile enchantments, fairly stealthy
A: fangs 2, regeneration 2, magic shield, antimagic bite, no device heal 3, rot
immunity
a: no special abilities


You were on level 6 of the Dungeon.
You were hungry.

You visited 1 branch of the dungeon, and saw 6 of its levels.

You collected 285 gold pieces.

Inventory:

Hand Weapons
 a - a +1 dagger (weapon)
Armour
 l - a +0 helmet (worn)
 m - a +0 pair of gloves (worn)
 u - a +0 leather armour (worn)
 x - a +0 cloak (worn)
Scrolls
 e - 2 scrolls of magic mapping
 f - a scroll of immolation {unknown}
 g - 2 scrolls of recharging
 h - 2 scrolls of remove curse
 k - a scroll of noise {unknown}
 o - a scroll of identify
 p - a scroll of fear
Potions
 i - a potion of cure mutation
 j - a potion of might
 n - a potion of degeneration {unknown}
 q - a potion of agility {unknown}
 r - a potion of flight {unknown}
 s - a potion of lignification
 t - a potion of invisibility {unknown}
 w - a potion of cancellation {unknown}
Books
 c - a book of Maledictions

   Spells                             Type                      Level
   a - Corona                         Hexes                        1
   b - Ensorcelled Hibernation        Hexes/Ice                    2
   c - Confuse                        Hexes                        3
   d - Tukima's Dance                 Hexes                        3
   e - Dazzling Spray                 Conjuration/Hexes            3
Comestibles
 d - 8 bread rations
 v - a meat ration


   Skills:
 * Level 2.7 Fighting
 * Level 2.2 Short Blades
 * Level 2.8 Dodging
 + Level 4.7 Stealth
 * Level 3.3 Spellcasting
 + Level 1.2 Conjurations
 * Level 4.6 Hexes
 + Level 1.3 Ice Magic


You couldn't memorise any spells.
You knew the following spells:

 Your Spells              Type           Power        Failure   Level  Hunger
a - Corona                Hex            ###....      4%          1    None
b - Ensorcelled Hibernat  Hex/Ice        ##....       12%         2    ##.....
c - Dazzling Spray        Conj/Hex       ##......     21%         3    ###....
d - Tukima's Dance        Hex            ###.....     12%         3    ###....
e - Confuse               Hex            ###.....     12%         3    ###....


Dungeon Overview and Level Annotations

Branches:
Dungeon (6/15)
 Temple: D:4-7

Altars:
Cheibriados
Ru
Trog
Vehumet
Yredelemnul
The Shining One

Annotations:
D:6 Menkaure


Innate Abilities, Weirdness & Mutations

You have extremely sharp teeth.
You heal very quickly.
When hurt, damage is shared between your health and your magic reserves.
Your bite disrupts and absorbs the magic of your enemies.
Potions and wands cannot restore your health.
You are immune to rotting.


Message History

Aim: Menkaure (moderately damaged, fast, chance to defeat MR: 49%) Menkaure resists with some effort.
Menkaure calls on the powers of darkness!
Your body is wracked with pain!
You hit Menkaure. Your bite misses Menkaure.
Menkaure is moderately damaged.
Menkaure calls on the powers of darkness!
Your body is wracked with pain!
Menkaure calls on the powers of darkness!
Your body is wracked with pain!
* * * LOW HITPOINT WARNING * * *
There is a stone staircase leading up here.
Read which item? (? for menu, Esc to quit)
Okay, then.
Drink which item? (? for menu, Esc to quit)
Okay, then.
You hit Menkaure.
Menkaure is heavily damaged.
Menkaure hits you!
You die...

#. #.. # #.. .#
#...###.#
#...#...#
#...#.#.# #
###....@..#.###
.......M.!....<
#####.#..##.###
............#
#.###.#.#####
#.#.# # #.. #..
#...


You could see Menkaure.

Vanquished Creatures
  2 hounds
  2 orc priests
  A centaur skeleton (D:4)
  A giant frog skeleton (D:5)
  A jelly (D:5)
  3 worker ants
  2 iguanas
  6 adders
  An ooze (D:4)
  An adder zombie (D:5)
  6 giant geckos
  27 orcs
  4 giant cockroaches
  10 goblins
  4 hobgoblins
  13 jackals
  9 bats
  A giant gecko skeleton (D:5)
  3 giant newts
  A jackal skeleton (D:4)
  A jackal zombie (D:5)
  6 kobolds
  A quokka (D:3)
  14 rats
120 creatures vanquished.

Notes
Turn   | Place    | Note
--------------------------------------------------------------
     0 | D:1      | Kostja the Vine Stalker Enchanter began the quest for the Orb.
     0 | D:1      | Reached XP level 1. HP: 9/9 MP: 4/4
   114 | D:1      | Reached skill level 1 in Short Blades
   201 | D:1      | Reached XP level 2. HP: 12/14 MP: 3/6
   239 | D:1      | Learned a level 2 spell: Ensorcelled Hibernation
   540 | D:1      | Reached XP level 3. HP: 17/17 MP: 7/7
  1009 | D:2      | Reached skill level 1 in Fighting
  1251 | D:2      | Reached skill level 4 in Stealth
  1440 | D:2      | Reached XP level 4. HP: 22/22 MP: 8/8
  1762 | D:3      | Learned a level 3 spell: Dazzling Spray
  2376 | D:3      | Reached XP level 5. HP: 25/25 MP: 9/9
  2384 | D:3      | Learned a level 3 spell: Tukima's Dance
  2670 | D:4      | Found a snail-covered altar of Cheibriados.
  2762 | D:4      | Gained mutation: You heal very quickly. [Vine Stalker growth]
  2762 | D:4      | Reached XP level 6. HP: 27/30 MP: 6/11
  3052 | D:4      | Found a radiant altar of Vehumet.
  3207 | D:4      | Found a basalt altar of Yredelemnul.
  3309 | D:4      | Found a glowing golden altar of the Shining One.
  3707 | D:5      | Entered Level 5 of the Dungeon
  3799 | D:5      | Reached skill level 1 in Ice Magic
  3984 | D:5      | Reached skill level 1 in Conjurations
  3999 | D:5      | Reached XP level 7. HP: 31/35 MP: 8/12
  4069 | D:5      | Learned a level 3 spell: Confuse
  4230 | D:5      | Found a sacrificial altar of Ru.
  4619 | D:5      | Found a bloodstained altar of Trog.
  4634 | D:6      | Noticed Menkaure
  4644 | D:6      | Slain by Menkaure

Action                   |  1- 3 |  4- 6 |  7- 9 || total
-------------------------+-------+-------+-------++-------
Melee: Dagger            |   105 |   269 |    42 ||   416
 Cast: Corona            |     8 |     7 |     1 ||    16
       Ensorcelled Hiber |    10 |    13 |     4 ||    27
       Dazzling Spray    |       |     5 |     6 ||    11
       Confuse           |       |       |     1 ||     1
  Use: Scroll            |     2 |     3 |       ||     5
       Potion            |     1 |     4 |       ||     5
 Stab: Sleeping          |    19 |    18 |     2 ||    39
  Eat: Chunk             |     2 |    10 |     3 ||    15
